 Dungeon Crawl Stone Soup version 0.18.1-8-gdd0e5ea (webtiles) character file.

147 zeroDi the Sneak (level 5, 0/26 HPs)
             Began as a Vine Stalker Assassin on May 29, 2016.
             Was an Initiate of Okawaru.
             Slain by an adder (2 damage)
             ... on level 3 of the Dungeon.
             The game lasted 00:05:25 (2224 turns).

zeroDi the Sneak (Vine Stalker Assassin)            Turns: 2224, Time: 00:05:26

Health: 0/26       AC:  2    Str: 13    XL:     5   Next: 29%
Magic:  0/6        EV: 11    Int: 11    God:    Okawaru [......]
Gold:   174        SH:  0    Dex: 17    Spells: 0 memorised, 4 levels left

rFire  . . .     SeeInvis .     a - +2 dagger
rCold  . . .     Gourm    .     c - +0 robe
rNeg   . . .     Faith    .     (no shield)
rPois  .         Spirit   +     (no helmet)
rElec  .         Dismiss  .     (no cloak)
rCorr  .         Reflect  .     (no gloves)
SustAt .         Harm     .     (no boots)
MR     .....                    (no amulet)
Stlth  +++.......               (no ring)
                                (no ring)

@: not resistant to hostile enchantments, fairly stealthy
A: fangs 2, regeneration 1, magic shield, antimagic bite, no device heal 3, rot
immunity
a: Renounce Religion


You were on level 3 of the Dungeon.
You worshipped Okawaru.
Okawaru was noncommittal.
You were not hungry.

You visited 1 branch of the dungeon, and saw 4 of its levels.

You collected 174 gold pieces.


Innate Abilities, Weirdness & Mutations

You have extremely sharp teeth.
Your natural rate of healing is unusually fast.
When hurt, damage is shared between your health and your magic reserves.
Your bite disrupts and absorbs the magic of your enemies.
Potions and wands cannot restore your health.
You are immune to rotting.


   Skills:
 - Level 1.7 Fighting
 + Level 4.8 Short Blades
 - Level 1.7 Throwing
 - Level 0.7 Dodging
 - Level 4.8 Stealth


You had 4 spell levels left.
You didn't know any spells.

Inventory:

Hand Weapons
 a - a +2 dagger (weapon)
 b - a +0 blowgun
Missiles
 e - 8 poisoned needles
 f - 2 curare-tipped needles {=f}
 B - 3 javelins (quivered)
Armour
 c - a +0 robe (worn)
 d - a +0 cloak
 D - a +0 pair of gloves
Jewellery
 s - an uncursed amulet of regeneration {unknown}
 v - an uncursed ring of fire {unknown}
 G - a cursed ring of protection from magic {unknown}
Scrolls
 h - a scroll of blinking {unknown}
 j - a scroll of enchant armour {unknown}
 k - 2 scrolls of recharging {unknown}
 n - a scroll of fog {unknown}
 p - a scroll of remove curse {unknown}
 q - 2 scrolls of noise {unknown}
 y - 3 scrolls of magic mapping {unknown}
 A - a scroll of enchant weapon {unknown}
 E - a scroll of teleportation {unknown}
Potions
 i - 3 potions of curing {unknown}
 l - a potion of magic {unknown}
 m - 2 potions of invisibility {unknown}
 o - a potion of agility {unknown}
 r - a potion of heal wounds {unknown}
 x - a potion of lignification {unknown}
 z - a potion of cancellation {unknown}
 F - a potion of mutation {unknown}
Comestibles
 g - 3 bread rations
 t - a beef jerky
 u - 3 slices of pizza
 w - 4 meat rations

Dungeon Overview and Level Annotations

Branches:
Dungeon (4/15)
 Temple: D:4-7

Altars:
Okawaru
Xom

.....# ##......## .....#
##........## .....#
#..........# .....#
#..........# .....##
#..........# ......#
#..........# ......## #######
#..........# .......#
#.....######........##
.....#.###......@So.o.........#
.#####...).....#####..........#
.#########.....# #..........#
....# ###.....# #..........#
....####.......## #..........#
....##...#......#####........##
......<.............##......##
..........#########.##...####
...............[.##......#


You could see an adder and 2 orcs.


Message History

The orc hits you with a dagger.
* * * LOW HITPOINT WARNING * * *
The adder closely misses you.
You feel sick.
You feel sick.
You feel sick. The adder bites you.
You feel sick. The orc misses you. The adder bites you but does no damage.
You feel sick. The adder closely misses you. The orc hits you with a dagger.
* * * LOW HITPOINT WARNING * * *
The orc closely misses you.
* * * LOW HITPOINT WARNING * * *
You feel sick.
You are no longer poisoned.
The adder bites you. The adder barely misses you. The adder bites you.
You die...

Action                   |  1- 3 |  4- 6 || total
-------------------------+-------+-------++-------
Melee: Dagger            |    94 |    50 ||   144
       Bite              |    27 |    12 ||    39
Throw: Javelin           |       |     4 ||     4
 Stab: Sleeping          |     8 |     5 ||    13
  Eat: Chunk             |     1 |     3 ||     4
Armor: Robe              |    23 |    12 ||    35
Dodge: Dodged            |    47 |    23 ||    70

Vault maps used:
D:1:      dpeg_arrival_windows_large_door, serial_bayou_pond_c,
          minmay_tree_intersection
D:2:      tgw_xom, okawaru_ov_weapons_minmay
D:3:      minivault_19
D:4:      gammafunk_temple_overflow_statue, first_bread

Notes
Turn   | Place    | Note
--------------------------------------------------------------
     0 | D:1      | zeroDi the Vine Stalker Assassin began the quest for the Orb.
     0 | D:1      | Reached XP level 1. HP: 11/11 MP: 2/2
    95 | D:1      | Reached skill level 2 in Short Blades
   169 | D:1      | Reached XP level 2. HP: 14/15 MP: 3/3
   538 | D:2      | Reached skill level 3 in Short Blades
   599 | D:2      | Reached XP level 3. HP: 18/18 MP: 4/4
  1049 | D:2      | Found an iron altar of Okawaru.
  1057 | D:2      | Became a worshipper of Warmaster Okawaru
  1125 | D:2      | Found a shimmering altar of Xom.
  1363 | D:3      | Reached XP level 4. HP: 19/23 MP: 3/5
  1644 | D:3      | Reached skill level 4 in Short Blades
  1912 | D:3      | Reached XP level 5. HP: 26/26 MP: 4/6
  2202 | D:3      | HP: 2/26 [poisoned by an adder]
  2215 | D:3      | HP: 1/26 [orc/dagger (2)]
  2224 | D:3      | Slain by an adder

Vanquished Creatures
  An orc wizard (D:3)
  A worker ant (D:3)
  3 adders (D:3)
  An ooze (D:3)
  A worm (D:3)
  2 dart slugs
  2 orcs (D:3)
  10 bats
  4 giant cockroaches
  7 goblins
  7 hobgoblins
  3 jackals (D:1)
  2 ball pythons (D:2)
  5 giant newts
  4 kobolds
  2 rats
55 creatures vanquished.
